 Dungeon Crawl Stone Soup version 0.26-a0-962-g9b92081034 (webtiles) character file.

Game seed: 3527851474086567874

94 Gargoyl the Skirmisher (level 4, -4/41 HPs)
             Began as a Gnoll Abyssal Knight on Dec 2, 2020.
             Was a Follower of Lugonu.
             Slain by a hobgoblin (6 damage)
             ... on level 2 of the Dungeon.
             The game lasted 00:02:25 (1658 turns).

Gargoyl the Skirmisher (Gnoll Abyssal Knight)       Turns: 1658, Time: 00:02:26

Health: -4/41      AC:  4    Str: 22    XL:     4   Next: 63%
Magic:  8/8        EV: 11    Int: 14    God:    Lugonu [*.....]
Gold:   77         SH:  3    Dex: 14    Spells: 5/5 levels left

rFire    + . .     SeeInvis .   a - +1 hand axe
rCold    . . .     Faith    .   l - +0 buckler
rNeg     . . .     Spirit   .   b - +0 leather armour
rPois    .         Reflect  .   (no helmet)
rElec    .         Harm     .   h - +0 cloak
rCorr    .         Rampage  .   (no gloves)
MR       .....                  (no boots)
Stlth    +.........             (no amulet)
HPRegen  0.13/turn              j - +6 ring of strength
MPRegen  0.11/turn              (no ring)

@: hasted, drained, very quick
A: distributed training, fangs 1, fire resistance 1, high mp 1, strong nose
a: Depart the Abyss, Renounce Religion


You were on level 2 of the Dungeon.
You worshipped Lugonu.
Lugonu was aware of your devotion.
You visited 1 branch of the dungeon, and saw 2 of its levels.
You visited the Abyss 1 time.

You collected 77 gold pieces.

Inventory:

Hand Weapons
 a - a +1 hand axe (weapon)
Missiles
 c - 16 poisoned darts
Armour
 b - a +0 leather armour (worn)
 h - a +0 cloak (worn)
 l - a +0 buckler (worn)
Jewellery
 j - a +6 ring of strength (left hand)
Scrolls
 f - a scroll of fog
 g - a scroll of remove curse
 i - a scroll of immolation {unknown}
 m - a scroll of enchant armour {unknown}
 n - a scroll of amnesia {unknown}
Potions
 d - a potion of lignification {unknown}
 k - a potion of brilliance {unknown}


   Skills:
 + Level 6.6(5.4) Fighting
 + Level 1.2(0.2) Short Blades
 + Level 1.2(0.2) Long Blades
 + Level 4.6(3.6) Axes
 + Level 1.2(0.2) Maces & Flails
 + Level 1.2(0.2) Polearms
 + Level 1.2(0.2) Staves
 + Level 1.2(0.2) Slings
 + Level 1.2(0.2) Bows
 + Level 1.2(0.2) Crossbows
 + Level 1.2(0.2) Throwing
 + Level 4.6(3.6) Armour
 + Level 2.8(1.7) Dodging
 + Level 1.2(0.2) Stealth
 + Level 1.2(0.2) Shields
 + Level 1.2(0.2) Unarmed Combat
 + Level 1.2(0.2) Spellcasting
 + Level 1.0(0.0) Conjurations
 + Level 1.0(0.0) Hexes
 + Level 1.0(0.0) Summonings
 + Level 1.0(0.0) Necromancy
 + Level 1.0(0.0) Translocations
 + Level 1.0(0.0) Transmutations
 + Level 1.0(0.0) Fire Magic
 + Level 1.0(0.0) Ice Magic
 + Level 1.0(0.0) Air Magic
 + Level 1.0(0.0) Earth Magic
 + Level 1.0(0.0) Poison Magic
 + Level 4.7(3.6) Invocations
 + Level 1.2(0.2) Evocations


You had 5 spell levels left.
You didn't know any spells.
Your spell library was empty.

Dungeon Overview and Level Annotations

Branches:
Dungeon (2/15)

Altars:

Annotations:
D:2 Robin


Innate Abilities, Weirdness & Mutations

Your experience applies equally to all skills.
You have very sharp teeth.
Your uncanny sense of smell can sniff out nearby items.
Your flesh is heat resistant. (rF+)
You have an increased reservoir of magic. (+10% MP)


Message History

Robin hits you with a +2 short sword of draining.
You feel drained.
The hobgoblin hits you but does no damage.
The hobgoblin hits you.
The bullfrog moves out of view.
You barely miss Robin.
Robin is severely wounded.
You barely miss the hobgoblin. x2
Robin hits you with a +2 short sword of draining.
* * * LOW HITPOINT WARNING * * *
You feel drained.
* * * LOW HITPOINT WARNING * * *
The hobgoblin barely misses you. The hobgoblin hits you.
* * * LOW HITPOINT WARNING * * *
It was a potion of haste.
You feel yourself speed up.
Robin hits you with a +2 short sword of draining.
* * * LOW HITPOINT WARNING * * *
You feel drained.
* * * LOW HITPOINT WARNING * * *
The hobgoblin hits you.
You die...

#§§§§§§...# #§§§§§§...#
******* #§§§§§...$# *,,,,,*
#§§§§§....# *,,,,,*
#§§§§§....# *,,,,,*
#§§§§§....# *,,,,,*
#§.§§§....# ###**
*,,...###########+###
..),***,,......g@.).....###
...,,,,,,......gg.)...†...#
###,*,,,,...#############.#
# *,*,,,,.,,**,,,,* #.# #
#.#,,,,,,,**,*#,#######.# #
#.#,,,,,,,*,,.#.#.....#.#
###.#******,*,,,..#.>...#.#
.##.# *,*∆,,........#.#
.##.### *,,,,#.##.....#[#


You could see Robin and 2 hobgoblins.

Vanquished Creatures
  An adder (D:2)
  4 oozes
  2 worms (D:2)
  3 dart slugs
  3 leopard geckos (D:1)
  5 bats
  3 giant cockroaches (D:1)
  10 goblins
  5 hobgoblins
  3 jackals (D:1)
  3 kobolds
  A quokka (D:2)
  4 frilled lizards
  4 rats (D:1)
51 creatures vanquished.

Vanquished Creatures (others)
  4 starspawn tentacles (Abyss:1)
  3 toadstools (D:2)
7 creatures vanquished.

Grand Total: 58 creatures vanquished

Notes
Turn   | Place    | Note
-------+----------+-------------------------------------------
     0 | Abyss:1  | Gargoyl the Gnoll Abyssal Knight began the quest for the
                  | Orb.
     0 | Abyss:1  | Reached XP level 1. HP: 23/23 MP: 3/3
    10 | Abyss:1  | Found a corrupted altar of Lugonu.
    31 | Abyss:1  | Noticed a tentacled starspawn
    32 | Abyss:1  | Gained mutation: Your flesh is heat resistant. (rF+)
                  | [potion of mutation]
    32 | Abyss:1  | Gained mutation: You have an increased reservoir of magic.
                  | (+10% MP) [potion of mutation]
    41 | Abyss:1  | Noticed a large abomination
    65 | Abyss:1  | Noticed a large abomination
    68 | D:1      | Escaped the Abyss
    80 | D:1      | Found a runed translucent door.
   315 | D:1      | Reached XP level 2. HP: 21/29 MP: 5/5
   686 | D:1      | Reached * piety under Lugonu
   687 | D:1      | Reached XP level 3. HP: 35/35 MP: 7/7
  1063 | D:1      | Reached skill level 1 in Short Blades
  1063 | D:1      | Reached skill level 1 in Long Blades
  1063 | D:1      | Reached skill level 1 in Maces & Flails
  1063 | D:1      | Reached skill level 1 in Polearms
  1063 | D:1      | Reached skill level 1 in Staves
  1063 | D:1      | Reached skill level 1 in Slings
  1063 | D:1      | Reached skill level 1 in Bows
  1063 | D:1      | Reached skill level 1 in Crossbows
  1063 | D:1      | Reached skill level 1 in Throwing
  1063 | D:1      | Reached skill level 1 in Stealth
  1063 | D:1      | Reached skill level 1 in Shields
  1063 | D:1      | Reached skill level 1 in Unarmed Combat
  1063 | D:1      | Reached skill level 1 in Spellcasting
  1063 | D:1      | Reached skill level 1 in Evocations
  1087 | D:2      | Reached XP level 4. HP: 8/41 MP: 8/8
  1645 | D:2      | Noticed Robin
  1650 | D:2      | Reached skill level 1 in Conjurations
  1650 | D:2      | Reached skill level 1 in Hexes
  1650 | D:2      | Reached skill level 1 in Summonings
  1650 | D:2      | Reached skill level 1 in Necromancy
  1650 | D:2      | Reached skill level 1 in Translocations
  1650 | D:2      | Reached skill level 1 in Transmutations
  1650 | D:2      | Reached skill level 1 in Fire Magic
  1650 | D:2      | Reached skill level 1 in Ice Magic
  1650 | D:2      | Reached skill level 1 in Air Magic
  1650 | D:2      | Reached skill level 1 in Earth Magic
  1650 | D:2      | Reached skill level 1 in Poison Magic
  1656 | D:2      | Noticed a bullfrog
  1658 | D:2      | HP: 2/41 [Robin/+2 short sword of draining (1)]
  1658 | D:2      | Slain by a hobgoblin

Illustrated notes

Levels and vault maps discovered:
D:1:      dpeg_arrival_caged_fury, layout_loops_ring
D:2:      layout_basic, cheibriados_altar_1, overflow_temple_1_default,
          chequers_ecumenical_altar_simple, minmay_gold_behind_fungi,
          minmay_diced_spiral, uniq_robin

Skill      XL: |  1  2  3  4 |
---------------+-------------+-----
Short Blades   | 1 |  1.2
Long Blades    | 1 |  1.2
Maces & Flails | 1 |  1.2
Polearms       | 1 |  1.2
Staves         | 1 |  1.2
Slings         | 1 |  1.2
Bows           | 1 |  1.2
Crossbows      | 1 |  1.2
Throwing       | 1 |  1.2
Stealth        | 1 |  1.2
Shields        | 1 |  1.2
Unarmed Combat | 1 |  1.2
Spellcasting   | 1 |  1.2
Evocations     | 1 |  1.2
Conjurations   | 1 |  1.0
Hexes          | 1 |  1.0
Summonings     | 1 |  1.0
Necromancy     | 1 |  1.0
Translocations | 1 |  1.0
Transmutations | 1 |  1.0
Fire Magic     | 1 |  1.0
Ice Magic      | 1 |  1.0
Air Magic      | 1 |  1.0
Earth Magic    | 1 |  1.0
Poison Magic   | 1 |  1.0
Fighting       | |  6.6
Axes           | |  4.6
Armour         | |  4.6
Dodging        | |  2.8
Invocations    | |  4.7

Action                   |  1- 3 |  4- 6 || total
-------------------------+-------+-------++-------
Melee: Hand axe          |    81 |    42 ||   123
       Bite              |     6 |     6 ||    12
       Punch             |     1 |       ||     1
Invok: Depart the Abyss  |     1 |       ||     1
  Use: Potion            |     3 |     1 ||     4
       Scroll            |     3 |     1 ||     4
 Stab: Sleeping          |     2 |       ||     2
       Invisible         |     6 |       ||     6
Armor: Leather armour    |    21 |     8 ||    29
Dodge: Dodged            |    67 |    32 ||    99
Block: Buckler           |       |     2 ||     2

Table legend: (Time is in decaauts)
 A = Elapsed time spent in this place.
 B = Non-inter-level travel time spent in this place.
 C = Inter-level travel time spent in this place.
 D = Time resting spent in this place.
 E = Time spent auto-exploring this place.
 F = Levels seen in this place.
 G = Mean time per level.
                   A        B        C        D        E       F      G
               +--------+--------+--------+--------+--------+-----+--------+
         Total |   1667 |   1636 |     31 |    387 |    826 |   3 |  555.7 |
       Dungeon |   1599 |   1568 |     31 |    387 |    796 |   2 |  799.5 |
         Abyss |     68 |     68 |      0 |      0 |     30 |   1 |   68.0 |
               +--------+--------+--------+--------+--------+-----+--------+

Top non-repeatable levels by time:
     D:1: 987 daAuts
     D:2: 611 daAuts
 Abyss:1: 68 daAuts
